 Dungeon Crawl Stone Soup version 0.26-a0-664-gc8b27b8fc1 (webtiles) character file.

Game seed: 5394801012128367970

136 Radels the Digger (level 5, -5/38 HPs)
             Began as a Formicid Earth Elementalist on Oct 13, 2020.
             Killed by divine providence
             ... invoked by an orc priest
              (15 damage)
             ... on level 3 of the Dungeon.
             The game lasted 00:22:24 (4151 turns).

Radels the Digger (Formicid Earth Elementalist)     Turns: 4151, Time: 00:22:25

Health: -5/38      AC:  4    Str: 13    XL:     5   Next: 43%
Magic:  1/9        EV: 12    Int: 15    God:
Gold:   223        SH:  0    Dex: 11    Spells: 4/10 levels left

rFire    . . .     SeeInvis +   w - +0 dagger
rCold    . . .     Faith    .   (no shield)
rNeg     . . .     Spirit   .   v - +0 leather armour
rPois    .         Reflect  .   (helmet unavailable)
rElec    .         Harm     .   (no cloak)
rCorr    .         Rampage  .   (no gloves)
MR       .....                  y - +0 pair of boots
Stlth    ++........             m - amulet of inaccuracy (curse)
HPRegen  0.12/turn              (no ring)
MPRegen  0.11/turn              (no ring)

@: no status effects
A: permanent stasis, dig shafts and tunnels, four strong arms, antennae 3
a: Dig, Shaft Self


You were on level 3 of the Dungeon.
You visited 1 branch of the dungeon, and saw 3 of its levels.

You collected 223 gold pieces.

Inventory:

Hand Weapons
 h - a +0 short sword
 w - a +0 dagger (weapon)
Missiles
 b - 106 stones (quivered)
 s - a throwing net
Armour
 c - a +0 robe
 r - a +0 animal skin
 v - a +0 leather armour (worn)
 y - a +0 pair of boots (worn)
Jewellery
 m - a cursed amulet of inaccuracy (around neck)
 u - an uncursed ring of fire {unknown}
Scrolls
 a - 2 scrolls of noise {unknown}
 d - 2 scrolls of remove curse {unknown}
 e - a scroll of magic mapping {unknown}
 f - 2 scrolls of blinking {unknown}
 g - 3 scrolls of teleportation {unknown}
 k - a scroll of amnesia {unknown}
 n - a scroll of enchant weapon {unknown}
 o - 2 scrolls of identify {unknown}
Potions
 i - 2 potions of stabbing {unknown}
 j - a potion of resistance {unknown}
 l - 2 potions of ambrosia {unknown}
 p - 2 potions of magic {unknown}
 q - a potion of might {unknown}
 t - a potion of brilliance {unknown}
 x - a potion of heal wounds {unknown}


   Skills:
 + Level 1.9 Fighting
 + Level 0.9 Armour
 - Level 2.0 Dodging
 + Level 3.7 Stealth
 - Level 3.0 Spellcasting
 + Level 2.0 Transmutations
 + Level 4.5 Earth Magic


You had 4 spell levels left.
You knew the following spells:

 Your Spells              Type           Power        Failure   Level
a - Stone Arrow           Conj/Erth      #.....       30%         3
p - Passwall              Tmut/Erth      ##......     10%         2
s - Sandblast             Erth           ###...       4%          1

Your spell library contained the following spells:

 Spells                   Type           Power        Failure   Level
 Petrify                  Tmut/Erth      ##......     54%         4
 Confusing Touch          Hex            #.......     58%         3
 Gell's Gravitas          Tloc           #.........   58%         3
 Lee's Rapid Deconstruct  Erth           ###.......   73%         5
 Yara's Violent Unravell  Hex/Tmut       #.........   99%         5
 Metabolic Englaciation   Hex/Ice        #.........   100%        5


Dungeon Overview and Level Annotations

Branches:
Dungeon (3/15)

Altars:
Trog
Vehumet

Annotations:
D:3 2 transporters, Sigmund


Innate Abilities, Weirdness & Mutations

You cannot be hasted, slowed, berserked, paralysed or teleported.
You can dig through walls and to a lower floor.
Your four strong arms can wield two-handed weapons with a shield.
You have a pair of large antennae on your head. (SInv)


Message History

The orc priest is moderately wounded.
The orc priest hits you with a +0 short sword.
You closely miss the orc priest.
The orc priest is moderately wounded.
The orc priest closely misses you.
You barely miss the orc priest.
The orc priest is moderately wounded.
The orc priest closely misses you.
You barely miss the orc priest.
The orc priest is moderately wounded.
The orc priest hits you but does no damage.
You hit the orc priest.
The orc priest is moderately wounded.
The orc priest hits you with a +0 short sword.
* * * LOW HITPOINT WARNING * * *
You completely miss the orc priest.
The orc priest is moderately wounded.
The orc priest invokes the aid of Beogh against you.
Beogh smites you!
You die...

##### #... .. #..
... #.# ##.## #@#
..... #o#......
#.#.......#. .#
#)...._.. ..###.#
#.#.......#r....#
#†#.......#@....##
#.# ..... #....>..
#.####.####......#
#...))...........#


You could see an orc priest.

Vanquished Creatures
  An orc priest (D:3)
  2 adders (D:2)
  A worm (D:2)
  2 dart slugs (D:2)
  A leopard gecko (D:1)
  8 orcs
  9 bats
  5 giant cockroaches
  6 goblins
  6 hobgoblins
  7 jackals
  6 kobolds
  2 quokkas
  2 ball pythons
  A frilled lizard (D:2)
  6 rats
65 creatures vanquished.

Notes
Turn   | Place    | Note
-------+----------+-------------------------------------------
     0 | D:1      | Radels the Formicid Earth Elementalist began the quest for
                  | the Orb.
     0 | D:1      | Reached XP level 1. HP: 13/13 MP: 3/3
   382 | D:1      | Reached XP level 2. HP: 20/20 MP: 5/5
   792 | D:1      | Reached skill level 1 in Fighting
   792 | D:1      | Reached XP level 3. HP: 24/26 MP: 6/6
   907 | D:1      | Reached skill level 4 in Earth Magic
  1249 | D:2      | Learned a level 2 spell: Passwall
  1253 | D:2      | Learned a level 3 spell: Stone Arrow
  1597 | D:2      | Found a bloodstained altar of Trog.
  2384 | D:2      | Reached XP level 4. HP: 29/32 MP: 2/8
  3210 | D:3      | Noticed Sigmund
  3702 | D:3      | Found a transporter.
  3726 | D:3      | Found a transporter.
  3814 | D:3      | Reached XP level 5. HP: 38/38 MP: 9/9
  4126 | D:3      | Found a radiant altar of Vehumet.
  4151 | D:3      | Killed from afar by an orc priest

Illustrated notes

Levels and vault maps discovered:
D:1:      lemuel_arrival_funnel, layout_basic
D:2:      minmay_diamond_boxcup, layout_loops_corners, trog_hazing_becter
D:3:      gammafunk_wand_slinger, layout_basic, old_standard_altar,
          uniq_sigmund, uniq_natasha

Skill      XL: |  1  2  3  4  5 |
---------------+----------------+-----
Dodging        | 2 |  2.0
Fighting       | 1 |  1.9
Stealth        | 3 |  3.7
Earth Magic    | 4 |  4.5
Spellcasting   | 3 |  3.0
Transmutations | 2 |  2.0
Armour         | |  0.9

Action                   |  1- 3 |  4- 6 || total
-------------------------+-------+-------++-------
Melee: Short sword       |   113 |    11 ||   124
       Dagger            |       |    29 ||    29
 Cast: Sandblast         |    39 |    54 ||    93
       Passwall          |     1 |     5 ||     6
 Abil: Dig               |    14 |     2 ||    16
 Stab: Sleeping          |     1 |     3 ||     4
Armor: Robe              |    43 |     2 ||    45
       Leather armour    |       |    32 ||    32
Dodge: Dodged            |   106 |    76 ||   182

Table legend: (Time is in decaauts)
 A = Elapsed time spent in this place.
 B = Non-inter-level travel time spent in this place.
 C = Inter-level travel time spent in this place.
 D = Time resting spent in this place.
 E = Time spent auto-exploring this place.
 F = Levels seen in this place.
 G = Mean time per level.
                   A        B        C        D        E       F      G
               +--------+--------+--------+--------+--------+-----+--------+
         Total |   4173 |   4002 |    171 |   1176 |   1695 |   3 | 1391.0 |
       Dungeon |   4173 |   4002 |    171 |   1176 |   1695 |   3 | 1391.0 |
               +--------+--------+--------+--------+--------+-----+--------+

Top non-repeatable levels by time:
     D:2: 2485 daAuts
     D:1: 1210 daAuts
     D:3: 477 daAuts
